 Dungeon Crawl Stone Soup version bcrawl-1.12-8-g964540c432 (webtiles) character file.

Game seed: 12392437643945954821

16720 MisterOstroum the Carver (level 12, -4/103 HPs)
             Began as a Formicid Archaeologist on June 8, 2019.
             Was a Believer of Ru.
             Slain by a wolf (6 damage)
             ... on level 3 of the Lair of Beasts.
             The game lasted 00:34:31 (8046 turns).

MisterOstroum the Carver (Formicid Archaeologist)   Turns: 8046, Time: 00:34:31

Health: -4/103     AC: 22    Str: 20      XL:     12   Next: 73%
Magic:  14/14      EV: 11    Int: 13 (15) God:    Ru [**....]
Gold:   787        SH:  3    Dex: 11      Spells: 11/11 levels left

rFire    + . .     SeeInvis +   f - +8 autumn katana {slice, Clar}
rCold    . . .     Gourm    .   (no shield)
rNeg     . . .     Faith    .   H - +2 plate armour
rPois    .         Spirit   .   (helmet unavailable)
rElec    .         Reflect  .   i - +0 cloak (curse)
rCorr    .         Harm     .   c - +1 pair of gloves
MR       +....     Clarity  +   b - +1 pair of boots
Stlth    ..........             g - amulet of regeneration
HPRegen  1.07/turn              z - +4 ring of evasion
MPRegen  0.14/turn              C - ring of protection from fire

@: studying 2 skills
A: permanent stasis, dig shafts and tunnels, four strong arms, antennae 3, agile
1, low mp 1, regeneration 1, wild magic 1, no stealth, hated by all
a: Dig, Shaft Self, Renounce Religion


You were on level 3 of the Lair of Beasts.
You worshipped Ru.
Ru was pleased with you.
You were hungry.

You visited 3 branches of the dungeon, and saw 11 of its levels.

You collected 787 gold pieces.

Inventory:

Hand Weapons
 a - the +7 spear of the Owl {flame, Str+4}
   (You found it on level 7 of the Dungeon)

   It has been specially enchanted to burn those struck by it, causing extra
   injury to most foes and up to half again as much damage against particularly
   susceptible opponents.
   It affects your strength (+4).
 f - the +8 autumn katana (weapon) {slice, Clar}

   It inflicts extra damage upon your enemies.
   It protects you against confusion.
 s - a +3 dagger of venom
Missiles
 h - 2585 stones
 j - 195 tomahawks (quivered)
Armour
 b - a +1 pair of boots (worn)
 c - a +1 pair of gloves (worn)
 i - a cursed +0 cloak (worn)
 q - +0 steam dragon scales
 H - a +2 plate armour (worn)
Jewellery
 g - an amulet of regeneration (around neck)
 l - a +3 amulet of reflection
 z - a +4 ring of evasion (left hand)
 C - a ring of protection from fire (right hand)
Wands
 k - a wand of flame (16)
 B - a wand of paralysis (8)
 D - a wand of iceblast (12)
 F - a wand of digging (5)
Scrolls
 t - 5 scrolls of remove curse {@r2}
 u - 3 scrolls of immolation
 K - a scroll of fog {!r}
Potions
 m - 5 potions of flight
 o - a potion of berserk rage
 E - a potion of mutation
Books
 w - a manual of Long Blades
 A - a manual of Poison Magic
Miscellaneous
 r - a phantom mirror
 v - a box of beasts
 y - a phial of floods
 G - a sack of spiders
Comestibles
 e - 21 rations {!d}


   Skills:
 * Level 12.6 Fighting
 + Level 13.1 Long Blades
 + Level 4.8 Throwing
 * Level 9.4 Armour
 - Level 2.6 Dodging
 - Level 5.0 Evocations


You had 11 spell levels left.
You didn't know any spells.
Your spell library contained the following spells:

 Spells                   Type           Power        Failure   Level  Hunger
 Beastly Appendage        Tmut           #.....       100%        1    ##.....
 Sandblast                Erth           #.....       100%        1    ##.....
 Passwall                 Tmut/Erth      #.......     100%        2    ###....
 Song of Slaying          Chrm           #.......     100%        2    ###....
 Regeneration             Chrm/Necr      #.........   100%        3    ####...
 Spider Form              Tmut/Pois      #.........   100%        3    ####...
 Stone Arrow              Conj/Erth      #.....       100%        3    ####...
 Ice Form                 Ice/Tmut       #.......     100%        4    #####..
 Petrify                  Tmut/Erth      #.......     100%        4    #####..
 Blade Hands              Tmut           #.........   100%        5    ######.
 Lee's Rapid Deconstruct  Erth           #.........   100%        5    ######.
 Deflect Missiles         Chrm/Air       #.........   100%        6    #######
 Sticks to Snakes         Tmut           Unusable     N/A         2    N/A
 Summon Ice Beast         Ice/Summ       Unusable     N/A         4    N/A
 Summon Scorpions         Summ/Pois      Unusable     N/A         4    N/A

Dungeon Overview and Level Annotations

Branches:
Dungeon (7/12)             Temple (1/1) D:6            Lair (3/6) D:7
  Swamp (0/3) Lair:2
  Snake: Lair:2-4    Spider: Lair:2-4

Altars:
Ashenzari
Dithmenos
Elyvilon
Fedhas
Gozag
Hepliaklqana
Kikubaaqudgha
Lugonu
Nemelex Xobeh
Qazlal
Ru
Sif Muna
Trog
Uskayaw
Xom
Yredelemnul
Zin
The Shining One

Shops:
D:5 *   D:6 :


Innate Abilities, Weirdness & Mutations

You cannot be hasted, slowed, berserked, paralysed or teleported.
You can dig through walls and to a lower floor.
Your four strong arms can wield two-handed weapons with a shield.
You have a pair of large antennae on your head. (SInv)
You cannot be stealthy.
You are hated by all.
You are agile. (Dex +2)
Your magical capacity is low. (-10% MP)
Your natural rate of healing is unusually fast.
Your spells are a little harder to cast, but a little more powerful.


Message History

The wolf misses the wolf.
The wolf bites you but does no damage.
Really quaff
x - 3 potions of curing {@q1 !q}?
You feel better. The wolf bites you but does no damage. The wolf bites you!
* * * LOW HITPOINT WARNING * * *
The wolf bites you but does no damage. x2; The wolf closely misses you.
The wolf bites you.
* * * LOW HITPOINT WARNING * * *
The wolf bites you but does no damage. x2; The wolf completely misses you.
The wolf misses you. The wolf barely misses you.
Really quaff
x - 2 potions of curing {@q1 !q}?
You feel better.
The wolf bites you but does no damage. x2
The wolf bites you!
* * * LOW HITPOINT WARNING * * *
The wolf bites you but does no damage. The wolf closely misses you.
The wolf misses you. The wolf closely misses you.
The wolf bites you but does no damage. The wolf closely misses you.
The wolf bites you but does no damage. x3; The wolf barely misses you.
The wolf bites you but does no damage. The wolf misses you.
The wolf bites you but does no damage.
Really quaff
x - a potion of curing {@q1 !q}?
You feel better. The wolf bites you but does no damage.
The wolf barely misses you. The wolf completely misses you.
The wolf closely misses you. The wolf barely misses you.
The wolf bites you but does no damage. The wolf barely misses you.
The wolf bites you but does no damage. x3; The wolf bites you.
* * * LOW HITPOINT WARNING * * *
The wolf is stunned by your will and fails to attack.
The wolf misses you. (Key replay stole keys) No previous command to re-do.
No previous command to re-do.
No previous command to re-do.
No previous command to re-do.
You slice the wolf!!
You kill the wolf!
The wolf closely misses you. The wolf bites you but does no damage.
The wolf misses you. The wolf barely misses you.
The wolf completely misses you.
You closely miss the wolf. The wolf misses you.
The wolf bites you but does no damage. x2; The wolf barely misses you.
The wolf is stunned by your will and fails to attack.
You redirect the wolf's attack!
The wolf barely misses the wolf.
The wolf closely misses you. The wolf bites you.
* * * LOW HITPOINT WARNING * * *
You slash the wolf!
The wolf is almost dead.
The wolf closely misses you. The wolf misses you.
The wolf bites you but does no damage. x2
You slash the wolf!
You kill the wolf!
You feel your dexterity returning. The wolf misses you.
The wolf bites you but does no damage. The wolf barely misses you.
The wolf closely misses you.
A wolf comes into view.
The wolf barely misses you. The wolf closely misses you.
The wolf howls!
You slash the wolf!
The wolf is heavily wounded.
A wolf comes into view.
The wolf misses you.
The wolf bites you but does no damage. x2
The wolf barely misses you. The wolf bites you.
* * * LOW HITPOINT WARNING * * *
The wolf bites you but does no damage. The wolf bites you!
* * * LOW HITPOINT WARNING * * *
The wolf howls!
You slash the wolf!
You kill the wolf!
The wolf barely misses you. x2; The wolf bites you but does no damage.
The wolf barely misses you. The wolf closely misses you.
The wolf barely misses you. The wolf barely misses you. The wolf misses you.
The wolf completely misses you. The wolf closely misses you. x2
The wolf bites you but does no damage. x2
The wolf bites you but does no damage.
The wolf is stunned by your will and fails to attack.
The wolf bites you!
* * * LOW HITPOINT WARNING * * *
The wolf closely misses you.
You slash the wolf!
You kill the wolf!
The wolf bites you but does no damage. The wolf misses you.
The wolf bites you but does no damage.
You hit the wolf but do no damage.
The wolf bites you but does no damage. x2
The wolf barely misses you.
You closely miss the wolf.
The wolf bites you but does no damage. x3
The wolf bites the fungus!
You block the wolf's attack. The wolf misses you.
You slash the wolf!
The wolf is severely wounded.
The wolf barely misses you. x2; The wolf bites you but does no damage. x3
The wolf bites the fungus.
The wolf bites you but does no damage.
You slice the wolf!!
You kill the wolf!
The wolf bites you.
* * * LOW HITPOINT WARNING * * *
The wolf bites you but does no damage. The wolf barely misses you. x2
You closely miss the wolf.
The wolf bites you but does no damage. x2
You redirect the wolf's attack!
The wolf closely misses the wolf.
The wolf misses you. The wolf bites you.
You die...

...... ##........##.....#
......###.........##......
........##.......# ###.##.
.................. ##...
.................. #####.#
..............# ..##.....#
.......hhh....# #........
.......hhhhh.## ##........
..$♣..†hh@##..###P........
.. ♣.../hh##...##.......#.
....$..hP###.##....^P.###
.......>###.........###
.##..##..# ###..#..### ###
###. ##..### # #.#.# #####


You could see 13 wolves.

Vanquished Creatures
  A centaur warrior (D:7)
  2 hydras
  Pikel (D:4)
  2 black mambas (Lair:2)
  A gargoyle (D:7)
  5 cane toads
  2 komodo dragons
  A troll (D:7)
  A hornet (D:7)
  2 hippogriffs (Lair:2)
  Sigmund (D:3)
  A shadow (D:7)
  Eustachio (D:5)
  17 yaks
  2 hungry ghosts (D:7)
  A steam dragon (D:7)
  A vampire mosquito (D:7)
  Edmund (D:4)
  9 porcupines
  4 water moccasins
  4 slaves (D:4)
  3 orc warriors
  2 phantoms
  4 ice beasts
  A sky beast (D:6)
  A necrophage (D:7)
  3 ogres
  28 wolves
  3 centaurs
  4 crocodiles
  8 bullfrogs
  A water moccasin skeleton (D:3)
  4 killer bees (D:6)
  3 howler monkeys (D:7)
  7 crimson imps
  A quasit (D:5)
  A bullfrog zombie (D:7)
  A gnoll shaman (D:7)
  2 hounds
  5 orc wizards
  Crazy Yiuf (D:7)
  3 orc priests
  A centaur skeleton (D:7)
  4 iguanas
  A worker ant (D:6)
  A hound zombie (D:6)
  2 hound skeletons
  Robin (D:4)
  4 gnolls
  15 adders
  2 shadow imps
  2 oozes
  An adder skeleton (D:5)
  An adder zombie (D:5)
  2 worms
  2 dart slugs (D:3)
  8 leopard geckos
  15 orcs
  3 giant cockroaches
  18 goblins
  8 hobgoblins
  7 jackals
  4 quokkas
  4 ball pythons
  6 bats
  2 frilled lizards
  A jackal zombie (D:5)
  8 kobolds
  8 rats
277 creatures vanquished.

Vanquished Creatures (others)
  A plant (Lair:2)
1 creature vanquished.

Grand Total: 278 creatures vanquished

Notes
Turn   | Place    | Note
-------+----------+-------------------------------------------
     0 | D:1      | MisterOstroum the Formicid Archaeologist began the quest
                  | for the Orb.
     0 | D:1      | Reached XP level 1. HP: 15/15 MP: 1/1
   129 | D:1      | Reached XP level 2. HP: 20/22 MP: 2/2
   387 | D:1      | Reached XP level 3. HP: 29/29 MP: 3/3
   404 | D:1      | Reached skill level 1 in Long Blades
   774 | D:1      | Reached skill level 2 in Long Blades
  1132 | D:2      | Reached XP level 4. HP: 34/35 MP: 4/4
  1180 | D:2      | Reached skill level 3 in Long Blades
  1486 | D:2      | Found a shimmering altar of Xom.
  1489 | D:2      | Found a hazy altar of Hepliaklqana.
  1489 | D:2      | Noticed a soldier ant
  1490 | D:2      | Noticed a soldier ant
  1490 | D:2      | Noticed a spectral ugly thing
  1718 | D:3      | Reached skill level 4 in Long Blades
  1759 | D:3      | Noticed an ice beast
  1890 | D:3      | Reached XP level 5. HP: 41/41 MP: 5/5
  2031 | D:3      | Reached skill level 5 in Long Blades
  2118 | D:4      | Noticed an ogre
  2129 | D:4      | Reached skill level 6 in Long Blades
  2148 | D:4      | Reached XP level 6. HP: 46/47 MP: 6/6
  2202 | D:3      | Killed an ice beast
  2202 | D:3      | Reached skill level 7 in Long Blades
  2291 | D:3      | Noticed an ice beast
  2298 | D:3      | Killed an ice beast
  2298 | D:3      | Reached XP level 7. HP: 52/52 MP: 7/7
  2481 | D:3      | Found a glowing golden altar of the Shining One.
  2577 | D:3      | Noticed Sigmund
  2585 | D:3      | Killed Sigmund
  2585 | D:3      | Reached skill level 8 in Long Blades
  2751 | D:4      | Noticed Robin
  2784 | D:4      | Killed Robin
  2888 | D:4      | Reached XP level 8. HP: 61/61 MP: 8/8
  2978 | D:4      | Noticed Edmund
  2987 | D:4      | Killed Edmund
  2987 | D:4      | Reached skill level 9 in Long Blades
  2997 | D:4      | Reached skill level 5 in Fighting
  3146 | D:4      | Found an opulent altar of Gozag.
  3162 | D:4      | Found a deep blue altar of Sif Muna.
  3198 | D:4      | Noticed Pikel
  3203 | D:4      | Killed Pikel
  3203 | D:4      | Reached skill level 10 in Long Blades
  3203 | D:4      | Reached XP level 9. HP: 69/69 MP: 9/9
  3414 | D:5      | Entered Level 5 of the Dungeon
  3452 | D:5      | Noticed Eustachio
  3462 | D:5      | Killed Eustachio
  3570 | D:5      | Found Zin's Purification Station.
  3575 | D:5      | Found a glowing silver altar of Zin.
  3792 | D:5      | Reached skill level 11 in Long Blades
  3901 | D:5      | Found a sparkling altar of Nemelex Xobeh.
  4088 | D:6      | Reached XP level 10. HP: 80/80 MP: 10/10
  4096 | D:6      | Reached skill level 12 in Long Blades
  4211 | D:6      | Found a staircase to the Ecumenical Temple.
  4278 | Temple   | Entered the Ecumenical Temple
  4375 | Temple   | Became a worshipper of Ru the Awakened
  4484 | D:6      | Found Neuhec's Book Shop.
  4652 | D:7      | Found a staircase to the Lair.
  4695 | D:7      | Reached skill level 10 in Fighting
  4725 | D:7      | Reached skill level 1 in Armour
  4737 | D:7      | Reached skill level 1 in Evocations
  5051 | D:7      | Noticed a centaur warrior
  5068 | D:7      | Killed a centaur warrior
  5068 | D:7      | Reached XP level 11. HP: 77/92 MP: 11/13
  5113 | D:7      | Found a runed door.
  5166 | D:7      | Reached skill level 5 in Armour
  5250 | D:7      | Got a warped spear
  5287 | D:7      | Identified the Disquisition on Self-Knowledge and Creation
  5366 | D:7      | Reached skill level 1 in Throwing
  5419 | D:7      | Gained mutation: You are hated by all. [Ru sacrifice]
  5419 | D:7      | Reached * piety under Ru
  5800 | D:7      | Noticed Crazy Yiuf
  5803 | D:7      | Killed Crazy Yiuf
  5849 | Lair:1   | Entered Level 1 of the Lair of Beasts
  5886 | Lair:1   | Identified the +7 spear of the Owl {flame, Str+4} (You
                  | found it on level 7 of the Dungeon)
  6789 | Lair:1   | Reached skill level 5 in Evocations
  6952 | Lair:2   | Reached XP level 12. HP: 97/100 MP: 15/15
  6965 | Lair:2   | Found a basalt altar of Yredelemnul.
  6966 | Lair:2   | Noticed a six-headed hydra
  7061 | Lair:1   | Killed a six-headed hydra
  7145 | Lair:2   | Noticed a five-headed hydra
  7168 | Lair:2   | Killed a five-headed hydra
  7347 | Lair:2   | Gained mutation: You are agile. (Dex +2) [potion of
                  | mutation]
  7347 | Lair:2   | Gained mutation: Your spells are a little harder to cast,
                  | but a little more powerful. [potion of mutation]
  7347 | Lair:2   | Gained mutation: Your magical capacity is low. (-10% MP)
                  | [potion of mutation]
  7347 | Lair:2   | Gained mutation: Your natural rate of healing is unusually
                  | fast. [potion of mutation]
  7499 | Lair:2   | Found a staircase to the Swamp.
  7654 | Lair:2   | Reached skill level 13 in Long Blades
  7671 | Lair:2   | Gained mutation: You cannot be stealthy. [Ru sacrifice]
  7671 | Lair:2   | Reached ** piety under Ru
  8040 | Lair:3   | HP: 4/103 [wolf (7)]
  8045 | Lair:3   | HP: 1/103 [wolf (5)]
  8046 | Lair:3   | Slain by a wolf

Skill      XL: |  1  2  3  4  5  6  7  8  9 10 11 12 |
---------------+-------------------------------------+-----
Fighting       | 2 3 4 6 7 10 11 12 | 12.6
Long Blades    | 2 4 6 7 8 10 11 12 13 | 13.1
Armour         | 4 7 9 |  9.4
Evocations     | 3 5 |  5.0
Throwing       | 3 4 |  4.8
Stealth        | 0 |  0.0
Dodging        | |  2.6

Action                   |  1- 3 |  4- 6 |  7- 9 | 10-12 || total
-------------------------+-------+-------+-------+-------++-------
Melee: Unarmed           |    82 |       |       |       ||    82
       Spear             |    74 |       |       |    18 ||    92
       Dagger            |    41 |    85 |       |       ||   126
       Halberd           |       |    17 |       |       ||    17
       Katana            |       |     8 |   194 |   372 ||   574
Throw: Stone             |       |     3 |     5 |       ||     8
       Tomahawk          |       |       |       |    12 ||    12
Invok: Sacrifice Love    |       |       |       |     1 ||     1
       Sacrifice Stealth |       |       |       |     1 ||     1
 Abil: Dig               |       |       |     2 |     3 ||     5
Evoke: Wand              |       |       |       |     2 ||     2
  Use: Scroll            |       |       |       |    14 ||    14
       Potion            |       |       |       |    15 ||    15
 Stab: Sleeping          |     8 |       |       |     2 ||    10
       Distracted        |       |       |       |     2 ||     2
  Eat: Chunk             |     1 |     4 |     6 |    14 ||    25
Armor: Robe              |    48 |       |       |       ||    48
       Leather armour    |     7 |       |       |       ||     7
       Scale mail        |       |    48 |    42 |    17 ||   107
       Plate armour      |       |       |       |   230 ||   230
       Steam dragon scal |       |       |       |     7 ||     7
Dodge: Dodged            |   107 |    63 |    81 |   319 ||   570
Block: Other             |       |       |     7 |    38 ||    45
